 Dungeon Crawl Stone Soup version 0.27-a0-1136-g0b992a5a9d (webtiles) character file.

Game seed: 11707809944307332739

313 1player the Ruffian (level 6, 0/59 HPs)
             Began as a Troll Abyssal Knight on May 5, 2021.
             Was a Believer of Lugonu.
             Slain by a killer bee (6 damage)
             ... on level 3 of the Dungeon.
             The game lasted 00:03:37 (2175 turns).

1player the Ruffian (Troll Abyssal Knight)          Turns: 2175, Time: 00:03:38

Health: 0/59       AC:  5    Str: 23    XL:     6   Next: 19%
Magic:  14/16      EV:  9    Int:  8    God:    Lugonu [**....]
Gold:   158        SH:  0    Dex:  9    Spells: 5/5 levels left

rFire    . . .     SeeInvis .     - Unarmed
rCold    . . .     Faith    .   (no shield)
rNeg     . . .     Spirit   .   a - +0 robe
rPois    +         Reflect  .   (helmet restricted)
rElec    .         Harm     .   i - +0 cloak
rCorr    .         Rampage  .   (gloves unavailable)
Will     .....                  (boots unavailable)
Stlth    +.........             (no amulet)
HPRegen  1.19/turn              k - ring of poison resistance
MPRegen  0.15/turn              h - ring of magical power

@: no status effects
A: large, unfitting armour, claws 3, regeneration 1, shaggy fur 1, tough skin 1
a: Renounce Religion, Depart the Abyss, Bend Space


You were on level 3 of the Dungeon.
You worshipped Lugonu.
Lugonu was pleased with you.
You visited 1 branch of the dungeon, and saw 3 of its levels.
You visited the Abyss 1 time.

You collected 178 gold pieces.
You spent 20 gold pieces at shops.

Inventory:

Armour
 a - a +0 robe (worn)
 i - a +0 cloak (worn)
Jewellery
 h - a ring of magical power (right claw)
 k - a ring of poison resistance (left claw)
Scrolls
 e - 2 scrolls of identify {@r1}
 g - 2 scrolls of amnesia {unknown}
Potions
 b - a potion of magic {unknown}
 c - a potion of heal wounds {unknown}
 d - a potion of lignification {unknown}
 f - a potion of curing {@q1}
 j - a potion of brilliance {unknown}


   Skills:
 - Level 2.4 Fighting
 - Level 1.9 Dodging
 + Level 6.0 Unarmed Combat
 + Level 2.9 Invocations


You had 5 spell levels left.
You didn't know any spells.
Your spell library contained the following spells:

 Spells                   Type           Power      Damage    Failure   Level
 Magic Dart               Conj           0%         1d3       41%         1
 Searing Ray              Conj           0%         3d3       54%         2
 Dazzling Flash           Conj/Hex       0%         N/A       78%         3
 Fulminant Prism          Conj/Hex       0%         3d6       99%         4
 Iskenderun's Mystic Bla  Conj/Tloc      0%         2d3       99%         4


Dungeon Overview and Level Annotations

Branches:
Dungeon (3/15)

Altars:

Shops:
D:1 ?


Innate Abilities, Weirdness & Mutations

You are too large for most types of armour.
You have claws for hands.
Your natural rate of healing is unusually fast.
You are covered in fur. (AC +1)
You have tough skin. (AC +1)


Message History

The killer bee stings you.
You are poisoned.
The killer bee poisons you! The killer bee barely misses you.
You claw the killer bee!
You kill the killer bee!
Lugonu accepts your kill.
You feel sick. The killer bee stings you.
Your Unarmed Combat skill increases to level 6!
You barely miss the killer bee. The killer bee barely misses you. x2
You closely miss the killer bee.
You feel sick. The killer bee stings you.
You closely miss the killer bee.
You feel sick. The killer bee barely misses you. The killer bee stings you.
You are more poisoned.
The killer bee poisons you!
You miss the killer bee.
You feel very sick. The killer bee stings you! The killer bee stings you.
You feel sick. The killer bee closely misses you.
You feel sick. The killer bee stings you.
* * * LOW HITPOINT WARNING * * *
You feel sick.
The killer bee stings you but does no damage.
You feel sick. The killer bee stings you.
* * * LOW HITPOINT WARNING * * *
You feel sick. The killer bee stings you.
* * * LOW HITPOINT WARNING * * *
Space bends around you!
You blink.
You feel sick.
Okay, then.
It was a potion of curing.
You feel better. The killer bee stings you!
* * * LOW HITPOINT WARNING * * *
Space bends around you!
You blink.
The killer bee stings you but does no damage.
The killer bee completely misses you. The killer bee barely misses you.
You don't have enough health at the moment.
Okay, then.
You feel better. The killer bee stings you.
* * * LOW HITPOINT WARNING * * *
The killer bee barely misses you. The killer bee stings you.
You die...

##.#.#########..#####
#....................
#.#####..........####
#.# #.########.####
#.# #.# #..... #.#
#.# ###### #§#####.#
##.......#
###...y@..##
......†.yy###
#####.###.###########
... #.......yy..†...#
.## #####.#########.#
#.######## .#
#........y y#
#.......## ##
##.####.#


You could see 3 killer bees.

Vanquished Creatures
  A bullfrog (D:2)
  A water moccasin skeleton (D:3)
  2 killer bees (D:3)
  3 gnolls (D:3)
  2 adders (D:2)
  2 worms
  5 dart slugs
  6 ball pythons
  3 endoplasms
  4 giant cockroaches
  7 goblins
  4 hobgoblins
  3 jackals (D:1)
  5 quokkas
  2 bats (D:2)
  3 frilled lizards
  3 kobolds
  3 rats (D:2)
59 creatures vanquished.

Vanquished Creatures (others)
  A fungus (D:1)
1 creature vanquished.

Grand Total: 60 creatures vanquished

Notes
Turn   | Place    | Note
-------+----------+-------------------------------------------
     0 | Abyss:1  | 1player the Troll Abyssal Knight began the quest for the
                  | Orb.
     0 | Abyss:1  | Reached XP level 1. HP: 22/22 MP: 1/1
    35 | Abyss:1  | Noticed a quasit
    38 | D:1      | Escaped the Abyss
   126 | D:1      | Reached * piety under Lugonu
   136 | D:1      | Reached XP level 2. HP: 26/29 MP: 2/2
   189 | D:1      | Reached skill level 3 in Unarmed Combat
   547 | D:1      | Found Cagad's Magic Scroll Boutique.
   553 | D:1      | Bought a scroll of identify for 20 gold pieces
   832 | D:1      | Reached XP level 3. HP: 36/36 MP: 3/3
  1075 | D:2      | Reached skill level 4 in Unarmed Combat
  1126 | D:2      | Noticed a bullfrog
  1134 | D:2      | Killed a bullfrog
  1134 | D:2      | Reached ** piety under Lugonu
  1135 | D:2      | Reached XP level 4. HP: 31/44 MP: 4/4
  1228 | D:2      | Reached skill level 5 in Unarmed Combat
  1413 | D:2      | Reached XP level 5. HP: 50/50 MP: 5/5
  1624 | D:2      | Found a faded altar of an unknown god.
  2126 | D:3      | Reached XP level 6. HP: 36/59 MP: 7/7
  2162 | D:3      | Reached skill level 6 in Unarmed Combat
  2171 | D:3      | HP: 1/59 [poisoned by a killer bee]
  2175 | D:3      | Slain by a killer bee

Illustrated notes

Levels and vault maps discovered:
D:1:      amcnicky_arrival_feature_with_door, layout_loops_corners,
          serial_shops, nicolae_shop_statue_plus, minmay_shallow_snake_nest
D:2:      layout_basic, chequers_ecumenical_altar_twisty,
          minmay_randomly_rotated_circles
D:3:      layout_loops_ring

Skill      XL: |  1  2  3  4  5  6 |
---------------+-------------------+-----
Unarmed Combat | 3 4 5 6 |  6.0
Invocations    | 2 |  2.9
Fighting       | |  2.4
Dodging        | |  1.9

Action                   |  1- 3 |  4- 6 || total
-------------------------+-------+-------++-------
Melee: Unarmed           |    98 |    73 ||   171
       Punch             |       |     2 ||     2
Invok: Depart the Abyss  |     1 |       ||     1
       Bend Space        |       |     2 ||     2
  Use: Potion            |       |     2 ||     2
Armor: Robe              |    28 |    17 ||    45
Dodge: Dodged            |    42 |    38 ||    80

Table legend: (Time is in decaauts)
 A = Elapsed time spent in this place.
 B = Non-inter-level travel time spent in this place.
 C = Inter-level travel time spent in this place.
 D = Time resting spent in this place.
 E = Time spent auto-exploring this place.
 F = Levels seen in this place.
 G = Mean time per level.
                   A        B        C        D        E       F      G
               +--------+--------+--------+--------+--------+-----+--------+
         Total |   2160 |   2078 |     82 |    153 |   1499 |   4 |  540.0 |
       Dungeon |   2122 |   2040 |     82 |    153 |   1464 |   3 |  707.3 |
         Abyss |     38 |     38 |      0 |      0 |     35 |   1 |   38.0 |
               +--------+--------+--------+--------+--------+-----+--------+

Top non-repeatable levels by time:
     D:1: 922 daAuts
     D:2: 737 daAuts
     D:3: 461 daAuts
 Abyss:1: 38 daAuts
